 Dungeon Crawl Stone Soup version 0.26-a0-113-gd8a95b691d (webtiles) character file.

Game seed: 16701409300306889385

14669 MrRokkomies the Photosynthesist (level 12, 0/76 HPs)
             Began as a Kobold Arcane Marksman on June 26, 2020.
             Was an Elder of Fedhas.
             Succumbed to a water moccasin's poison
             ... on level 2 of the Lair of Beasts.
             The game lasted 00:47:14 (22021 turns).

MrRokkomies the Photosynthesist (KoAM)             Turns: 22021, Time: 00:47:15

Health: 0/76       AC:  0    Str: 11    XL:     12   Next: 48%
Magic:  20/20      EV: 31    Int: 15    God:    Fedhas [****..]
Gold:   775        SH:  0    Dex: 21    Spells: 4/13 levels left

rFire    . . .     SeeInvis .   (weapon currently unavailable)
rCold    . . .     Faith    +   (shield currently unavailable)
rNeg     . . .     Spirit   .   (armour currently unavailable)
rPois    .         Reflect  .   (helmet currently unavailable)
rElec    .         Harm     .   (cloak currently unavailable)
rCorr    .                      (gloves currently unavailable)
MR       .....                  (boots currently unavailable)
Stlth    ++........             r - amulet of faith
HPRegen  0.22/turn              (ring currently unavailable)
MPRegen  0.17/turn              (ring currently unavailable)

@: lethally poisoned (0 -> -5), bat-form, flying, very quick
A: tiny, carnivore
a: Wall of Briars, Grow Ballistomycete, Overgrow, Renounce Religion


You were on level 2 of the Lair of Beasts.
You worshipped Fedhas.
Fedhas was greatly pleased with you.
You were completely stuffed.
You were in bat-form.
You visited 3 branches of the dungeon, and saw 14 of its levels.

You collected 775 gold pieces.

Inventory:

Hand Weapons
 a - a +2 whip of electrocution (melded)
 b - a +1 hand crossbow
 w - a +0 dagger of venom
 C - a +3 scimitar of flaming
Missiles
 d - 19 bolts
 y - 37 poisoned darts (quivered)
 I - 3 throwing nets
Armour
 p - a +0 pair of gloves (melded)
 q - a +3 scale mail of positive energy (melded)
 u - a +1 robe of magic resistance
 G - a +1 helmet (melded)
Jewellery
 j - a ring of protection from magic (melded)
 r - an amulet of faith (around neck)
Wands
 e - a wand of polymorph (9)
 x - a wand of acid (6)
 z - a wand of random effects (6)
 D - a wand of paralysis (5)
Scrolls
 c - 2 scrolls of immolation
 i - 3 scrolls of amnesia
 k - a scroll of identify
 n - 6 scrolls of remove curse
 o - 4 scrolls of enchant weapon
 s - 2 scrolls of magic mapping
 H - a scroll of brand weapon
Potions
 g - 2 potions of flight
 h - 4 potions of brilliance
 l - 3 potions of mutation
 m - 2 potions of stabbing
 t - a potion of resistance
 v - a potion of magic
 A - a potion of cancellation
 B - a potion of might
 L - a potion of haste
Miscellaneous
 E - a box of beasts
Comestibles
 f - 26 rations
 F - 5 chunks of flesh


   Skills:
 * Level 9.1 Fighting
 - Level 10.0 Crossbows
 + Level 10.2 Dodging
 - Level 1.1 Spellcasting
 - Level 8.1 Hexes
 + Level 3.2 Translocations
 * Level 11.3 Invocations


You had 4 spell levels left.
You knew the following spells:

 Your Spells              Type           Power        Failure   Level  Hunger
a - Corona                Hex            ####...      1%          1    ##.....
b - Slow                  Hex            ####....     1%          2    ###....
c - Inner Flame           Hex/Fire       ##......     14%         3    ####...
d - Portal Projectile     Hex/Tloc       ###...       7%          3    ####...

Your spell library contained the following spells:

 Spells                   Type           Power        Failure   Level  Hunger
 Cause Fear               Hex            ####......   9%          4    #####..
 Leda's Liquefaction      Hex/Erth       ##........   41%         4    #####..
 Haunt                    Necr/Summ      #.........   100%        7    #######
 Borgnjor's Revivificati  Necr           #.........   100%        8    #######
 Death's Door             Chrm/Necr      #.........   100%        8    #######
 Infestation              Necr           #.........   100%        8    #######
 Necromutation            Tmut/Necr      #.........   100%        8    #######


Dungeon Overview and Level Annotations

Branches:
Dungeon (11/15)            Temple (1/1) D:5            Lair (2/6) D:11
  Swamp: Lair:2-4    Shoals: Lair:2-4     Snake: Lair:2-4    Spider: Lair:2-4
    Orc: D:9-12

Altars:
Ashenzari
Cheibriados
Dithmenos
Elyvilon
Fedhas
Gozag
Hepliaklqana
Kikubaaqudgha
Makhleb
Okawaru
Qazlal
Ru
Sif Muna
Trog
Uskayaw
Vehumet
Wu Jian
Xom
Yredelemnul
Zin
The Shining One

Shops:
D:4 [   D:9 ?


Innate Abilities, Weirdness & Mutations

You are small and have problems with some larger weapons.
You are carnivorous and can eat meat at any time.


Message History

* * * LOW HITPOINT WARNING * * *
You feel sick. The steam dragon breathes steam at you.
The ball of steam misses you.
A water moccasin comes into view.
The spiny frog is engulfed in a cloud of scalding steam.
* * * LOW HITPOINT WARNING * * *
You feel sick.
* * * LOW HITPOINT WARNING * * *
You feel sick.
* * * LOW HITPOINT WARNING * * *
You feel sick.
* * * LOW HITPOINT WARNING * * *
You feel sick.
* * * LOW HITPOINT WARNING * * *
You feel sick.
* * * LOW HITPOINT WARNING * * *
You feel sick.
You die...
Fedhas appreciates your contribution to the ecosystem.

#....######............###..
##...P#.........#...........
#....+..F##.....#.....P.#..
#....#..........##.........
#...##..S#.....#.#....#.#..
#...##...##.....###...###..
#....#.#.##....####..#..#..
##....P...##....#.##.##.##..
#..........b...........รท....
#P#####..##########P#.#....#
### #### #######.## ###


There were no monsters in sight!

Vanquished Creatures
  Harold (Lair:1)
  Erica (Lair:1)
  A two-headed ogre (D:10)
  An unseen horror (D:11)
  An ugly thing (D:10)
  A deep elf mage (D:11)
  A black mamba (Lair:1)
  A gargoyle (D:11)
  3 spiny frogs (Lair:1)
  A troll (D:10)
  A queen bee (D:8)
  2 hornets
  Grinder (D:5)
  Prince Ribbit (D:8)
  4 hippogriffs
  2 blink frogs
  A redback (D:7)
  A wraith (D:10)
  A wyvern (D:9)
  4 yaks (Lair:1)
  A basilisk (D:10)
  Menkaure (D:5)
  Grum (D:9)
  3 porcupines
  2 water moccasins
  4 ice beasts
  8 orc warriors
  3 slaves (D:7)
  A black bear (D:10)
  4 ogres
  2 phantoms (D:6)
  A sky beast (D:11)
  5 wolves
  5 centaurs (D:11)
  A crocodile (Lair:1)
  5 bullfrogs
  A scorpion (D:10)
  15 killer bees
  A howler monkey (D:6)
  4 crimson imps
  4 jellies
  2 quasits
  4 hounds
  6 orc priests
  A bullfrog skeleton (D:11)
  A centaur skeleton (D:10)
  4 iguanas
  Ijyb (D:3)
  10 orc wizards
  5 worker ants
  A killer bee zombie (D:7)
  A hound zombie (D:10)
  A hound skeleton (D:6)
  A howler monkey zombie (D:7)
  A worker ant zombie (D:7)
  16 adders
  10 oozes
  3 adder skeletons
  2 worms (D:2)
  2 dart slugs
  4 leopard geckos
  37 orcs
  12 bats
  4 giant cockroaches
  5 goblins
  7 hobgoblins
  4 jackals (D:1)
  3 quokkas
  3 ball pythons
  6 frilled lizards
  20 kobolds
  A quokka zombie (D:7)
  9 rats
289 creatures vanquished.

Vanquished Creatures (collateral kills)
  An unseen horror (D:11)
  3 wolves (Lair:1)
  5 ballistomycete spores (D:11)
9 creatures vanquished.

Vanquished Creatures (others)
  A slave (D:7)
  A fungus (Lair:2)
  A plant (Lair:2)
  12 toadstools (D:4)
15 creatures vanquished.

Grand Total: 313 creatures vanquished

Notes
Turn   | Place    | Note
-------+----------+-------------------------------------------
     0 | D:1      | MrRokkomies the Kobold Arcane Marksman began the quest for
                  | the Orb.
     0 | D:1      | Reached XP level 1. HP: 12/12 MP: 2/2
   168 | D:1      | Reached XP level 2. HP: 16/16 MP: 3/3
   776 | D:1      | You fall into a shaft and drop 1 floor!
   782 | D:2      | Reached XP level 3. HP: 21/21 MP: 4/4
  1024 | D:2      | Reached XP level 4. HP: 22/27 MP: 5/5
  1932 | D:3      | Reached XP level 5. HP: 32/32 MP: 6/6
  1950 | D:3      | Noticed Ijyb
  1974 | D:3      | Killed Ijyb
  2371 | D:3      | You fall into a shaft and drop 2 floors!
  2371 | D:5      | Entered Level 5 of the Dungeon
  2672 | D:4      | Reached XP level 6. HP: 33/37 MP: 7/7
  3763 | D:3      | Learned a level 2 spell: Slow
  3767 | D:3      | Learned a level 3 spell: Inner Flame
  3915 | D:3      | Reached skill level 5 in Crossbows
  4202 | D:4      | Noticed an ogre
  4221 | D:4      | Killed an ogre
  4221 | D:4      | Reached XP level 7. HP: 44/44 MP: 4/8
  4643 | D:4      | Found Lyeth's Antique Armour Emporium.
  5403 | D:5      | Reached skill level 5 in Fighting
  5441 | D:5      | Noticed Menkaure
  5462 | D:5      | Killed Menkaure
  5462 | D:5      | Reached XP level 8. HP: 47/49 MP: 9/9
  5487 | D:5      | Found an iron altar of Okawaru.
  5536 | D:5      | Noticed Grinder
  5542 | D:5      | Killed Grinder
  5542 | D:5      | Reached skill level 5 in Dodging
  5665 | D:5      | Found a staircase to the Ecumenical Temple.
  6240 | Temple   | Entered the Ecumenical Temple
  6316 | Temple   | Became a worshipper of Fedhas Madash
  6475 | D:6      | Reached skill level 1 in Invocations
  6644 | D:6      | Reached skill level 5 in Hexes
  6779 | D:6      | Reached skill level 2 in Invocations
  6800 | D:6      | Reached XP level 9. HP: 20/55 MP: 10/10
  7074 | D:6      | Reached * piety under Fedhas
  7094 | D:6      | Reached skill level 3 in Invocations
  7528 | D:6      | Found an opulent altar of Gozag.
  7529 | D:6      | Found a shadowy altar of Dithmenos.
  7530 | D:6      | Found a glowing golden altar of the Shining One.
  7530 | D:6      | Found a snail-covered altar of Cheibriados.
  7863 | D:7      | Noticed Pikel
  8505 | D:7      | Reached skill level 4 in Invocations
  8526 | D:7      | Noticed a hippogriff
  8541 | D:7      | Killed a hippogriff
  8824 | D:7      | Noticed Pikel
  8824 | D:7      | Pikel changed into Pikel the redback
  9171 | D:7      | Killed Pikel the redback
  9643 | D:8      | Reached skill level 5 in Invocations
  9939 | D:8      | Reached ** piety under Fedhas
 10098 | D:8      | Reached XP level 10. HP: 46/60 MP: 12/14
 10829 | D:8      | Reached skill level 6 in Invocations
 11286 | D:8      | Reached skill level 10 in Crossbows
 11510 | D:8      | Found a shimmering altar of Xom.
 11641 | D:8      | Noticed Prince Ribbit
 11899 | D:8      | Killed Prince Ribbit
 12192 | D:9      | Found an ancient bone altar of Kikubaaqudgha.
 12477 | D:9      | Reached skill level 7 in Invocations
 12607 | D:9      | Found Obiphusyasi's Magic Scroll Boutique.
 12935 | D:9      | Noticed Grum
 13149 | D:9      | Killed Grum
 13836 | D:9      | Learned a level 3 spell: Portal Projectile
 13865 | D:10     | Entered Level 10 of the Dungeon
 14111 | D:10     | Reached skill level 8 in Invocations
 14115 | D:10     | Reached *** piety under Fedhas
 14525 | D:10     | Noticed a two-headed ogre
 14541 | D:10     | Reached XP level 11. HP: 30/64 MP: 17/17
 15418 | D:10     | Killed a two-headed ogre
 15418 | D:10     | Reached skill level 9 in Invocations
 15868 | D:11     | Noticed an unseen horror
 15871 | D:11     | Noticed a brown ugly thing
 16438 | D:10     | Killed a brown ugly thing
 17069 | D:11     | Noticed an unseen horror
 17072 | D:11     | Killed an unseen horror
 17396 | D:11     | Killed an unseen horror
 17585 | D:11     | Reached skill level 10 in Invocations
 17588 | D:11     | HP: 3/67 [centaur/arrow (8)]
 17995 | D:11     | Found a staircase to the Lair.
 18036 | D:11     | Noticed a deep elf mage
 18866 | D:11     | Reached **** piety under Fedhas
 19186 | D:11     | Killed a deep elf mage
 19186 | D:11     | Reached skill level 1 in Translocations
 19215 | Lair:1   | Entered Level 1 of the Lair of Beasts
 19542 | Lair:1   | Noticed Harold
 19545 | Lair:1   | Reached XP level 12. HP: 73/73 MP: 19/19
 19571 | Lair:1   | Killed Harold
 19595 | Lair:1   | Noticed Erica
 19644 | Lair:1   | HP: 5/111 [poisoned by Erica (bolt of poison)]
 19644 | Lair:1   | Killed Erica
 19650 | Lair:1   | HP: 4/112 [poisoned by Erica (bolt of poison)]
 19655 | Lair:1   | HP: 4/112 [poisoned by Erica (bolt of poison)]
 19663 | Lair:1   | HP: 4/112 [poisoned by Erica (bolt of poison)]
 20132 | Lair:1   | Reached skill level 10 in Dodging
 20267 | Lair:1   | Reached skill level 11 in Invocations
 22014 | Lair:2   | HP: 3/76 [poisoned by a water moccasin]
 22020 | Lair:2   | HP: 1/76 [poisoned by a water moccasin]
 22021 | Lair:2   | Succumbed to a water moccasin's poison

Illustrated notes

Levels and vault maps discovered:
D:1:      enne_arrival_octagon_isle, layout_basic, hangedman_feature_mirror
D:2:      layout_rooms, first_ration, minmay_misc_feat_square
D:3:      layout_basic, serial_forest, infiniplex_forest_corner_1,
          infiniplex_forest_end_2, infiniplex_forest_corner_1,
          infiniplex_forest_straight_5, infiniplex_forest_straight_4,
          infiniplex_forest_zigzag_1, uniq_ijyb
D:4:      cheibrodos_fertilizer, layout_loops_cross, serial_shops,
          shop_fountains
D:5:      layout_basic, okawaru_ov_weapons_minmay, temple_doors_ab,
          moated_statue, uniq_menkaure, uniq_grinder
D:6:      layout_basic, grunt_temple_overflow_open
D:7:      layout_basic, kennysheep_mini_moat, minmay_misc_feat_x, uniq_pikel
D:8:      layout_basic, lemuel_doored_altar, david_nohive_1,
          hangedman_decor_peaks_small, uniq_prince_ribbit1
D:9:      layout_basic, old_standard_altar, serial_shops,
          nicolae_shop_statue_plus, uniq_grum
D:10:     layout_rooms
D:11:     layout_small_grid, lair_entry_dummy, special_room [special_room_orc]
Temple:   jpeg_temple_clearing
Lair:1:   layout_chaotic_city, uniq_erica, uniq_harold
Lair:2:   layout_regular_city, elwin_shoals_entry_rooms, st_stairs_7,
          infiniplex_staircase_pool_2

Skill      XL: |  1  2  3  4  5  6  7  8  9 10 11 12 |
---------------+-------------------------------------+-----
Crossbows      | 3 4 5 6 7 9 10 | 10.0
Fighting       | 2 3 4 5 6 7 9 |  9.1
Dodging        | 3 4 5 6 8 9 10 | 10.2
Hexes          | 4 5 6 7 8 |  8.1
Invocations    | 2 5 8 10 11 | 11.3
Translocations | 1 3 |  3.2
Spellcasting   | |  1.1

Action                   |  1- 3 |  4- 6 |  7- 9 | 10-12 || total
-------------------------+-------+-------+-------+-------++-------
Melee: Whip              |    53 |   211 |   233 |   229 ||   726
       Dagger            |       |       |    57 |   248 ||   305
       Hand crossbow     |       |       |       |     1 ||     1
 Fire: Hand crossbow     |    17 |    20 |    81 |   224 ||   342
Throw: Dart              |       |       |     8 |    30 ||    38
 Cast: Slow              |       |     2 |     8 |    31 ||    41
       Corona            |       |     1 |    18 |    23 ||    42
       Inner Flame       |       |       |       |     5 ||     5
Invok: Wall of Briars    |       |       |       |     5 ||     5
       Grow Ballistomyce |       |       |       |     1 ||     1
Evoke: Wand              |       |       |     1 |     8 ||     9
  Use: Scroll            |       |    11 |     5 |    17 ||    33
       Potion            |       |       |     5 |     4 ||     9
 Stab: Sleeping          |     2 |     7 |     1 |     1 ||    11
       Paralysed         |       |       |       |     5 ||     5
  Eat: Chunk             |     9 |    10 |    16 |    39 ||    74
       Ration            |       |       |       |     4 ||     4
Armor: Robe              |     4 |    40 |    53 |    46 ||   143
       Scale mail        |       |       |       |    52 ||    52
Dodge: Dodged            |    46 |   211 |   338 |   573 ||  1168

Table legend:
 A = Non-vault XP
 B = Vault XP
 C = Vault XP percentage of total XP
 D = Non-vault monster count
 E = Vault monster count
 F = Vault count percentage of total count
                 A         B        C        D         E       F
            +---------+---------+-------+---------+---------+-------
      Total |   14925 |    6031 |  28.8 |     222 |      68 |  23.4
            +---------+---------+-------+---------+---------+-------
        D:1 |      38 |       2 |   5.0 |      21 |       2 |   8.7
        D:2 |      86 |       0 |   0.0 |      25 |       0 |   0.0
        D:3 |     141 |      36 |  20.3 |      32 |       1 |   3.0
        D:4 |     423 |     156 |  26.9 |      17 |      18 |  51.4
        D:5 |     229 |     458 |  66.7 |       3 |       2 |  40.0
        D:6 |    1074 |       0 |   0.0 |      23 |       0 |   0.0
        D:7 |     545 |     301 |  35.6 |      15 |       2 |  11.8
        D:8 |     553 |    1460 |  72.5 |       4 |      16 |  80.0
        D:9 |     792 |     635 |  44.5 |      14 |       5 |  26.3
       D:10 |    3341 |     539 |  13.9 |      28 |       7 |  20.0
       D:11 |    3005 |     615 |  17.0 |      17 |      13 |  43.3
     Lair:1 |    3720 |    1829 |  33.0 |      17 |       2 |  10.5
     Lair:2 |     978 |       0 |   0.0 |       6 |       0 |   0.0
            +---------+---------+-------+---------+---------+-------
